 Dungeon Crawl Stone Soup version 0.25.0-46-gbd7b0854d2 (webtiles) character file.

Game seed: 6988218380415722141

428357 KleinerIrrer the Slayer (level 23, -10/276 HPs)
             Began as an Ogre Hunter on July 14, 2020.
             Was the Champion of the Shining One.
             Mangled by a spriggan berserker
             ... wielding a +0 rapier
             ... led by the Enchantress
              (20 damage)
             ... on level 2 of the Depths on July 15, 2020.
             The game lasted 02:47:44 (78027 turns).

KleinerIrrer the Slayer (Ogre Hunter)              Turns: 78027, Time: 02:47:45

Health: -10/276    AC: 24    Str: 25    XL:     23   Next: 86%
Magic:  30/30      EV: 12    Int: 14    God:    the Shining One [******]
Gold:   5213       SH:  0    Dex:  9    Spells: 22/22 levels left

rFire    + + +     SeeInvis .   x - +5 giant spiked club (freeze)
rCold    + . .     Gourm    .   (shield currently unavailable)
rNeg     + + +     Faith    .   U - +2 fire dragon scales
rPois    +         Spirit   .   h - +2 hat "Wiyb" {rPois MR+ Int-2 Dex+4}
rElec    +         Reflect  .   Z - +1 cloak {rC+}
rCorr    .         Harm     .   (gloves unavailable)
MR       +++..                  (boots unavailable)
Stlth    ..........             u - amulet of the acrobat
HPRegen  0.56/turn              n - ring of protection from cold
MPRegen  0.22/turn              i - ring "Duteytsy" {rElec rF+ AC+4 Dex-4}

@: very slightly contaminated, slowed, glowing, very slow
A: large, unfitting armour, hooves 1, poison resistance, tough skin 1
}: 2/15 runes: serpentine, barnacled
a: Divine Shield, Cleansing Flame, Summon Divine Warrior, Renounce Religion


You were on level 2 of the Depths.
You worshipped the Shining One.
The Shining One was exalted by your worship.
You were not hungry.

You visited 9 branches of the dungeon, and saw 41 of its levels.
You also visited: Ice Cave.

You collected 8042 gold pieces.
You spent 2829 gold pieces at shops.

Inventory:

Hand Weapons
 x - a +5 giant spiked club of freezing (weapon)
 P - a +2 giant spiked club of holy wrath
Missiles
 l - 48 large rocks (quivered)
 m - 20 javelins
 G - 6 throwing nets
 O - 13 silver javelins
Armour
 h - the +2 hat "Wiyb" (worn) {rPois MR+ Int-2 Dex+4}
   (You acquired it on level 8 of the Dungeon)

   It affects your intelligence (-2).
   It affects your dexterity (+4).
   It protects you from poison.
   It affects your resistance to hostile enchantments.
 U - +2 fire dragon scales (worn)
 Z - a +1 cloak of cold resistance (worn)
Jewellery
 g - the ring of Free Expression {rF++ rCorr Dex-4}
   (You took it off a merfolk on level 4 of the Shoals)

   [ring of resist corrosion]

   It affects your dexterity (-4).
   It greatly protects you from fire.
   It provides partial protection from all sources of acid and corrosion.
 i - the ring "Duteytsy" (right hand) {rElec rF+ AC+4 Dex-4}
   (You acquired it on level 8 of the Dungeon)

   [ring of protection]

   It affects your AC (+4).
   It affects your dexterity (-4).
   It protects you from fire.
   It insulates you from electricity.
 n - a ring of protection from cold (left hand)
 u - an amulet of the acrobat (around neck)
 L - an uncursed ring of protection from cold
 R - an uncursed ring of resist corrosion
 W - an uncursed ring of protection from magic
Wands
 B - a wand of iceblast (54)
 E - a wand of polymorph (11)
 H - a wand of acid (54)
 K - a wand of paralysis (4)
 T - a wand of digging (10)
Scrolls
 b - a scroll of holy word
 k - 6 scrolls of blinking
 o - 11 scrolls of remove curse
 p - 5 scrolls of fog
 q - 4 scrolls of enchant armour
 t - 12 scrolls of teleportation
 v - 8 scrolls of magic mapping
 w - a scroll of summoning
 y - 17 scrolls of identify
 z - 6 scrolls of immolation
 J - 3 scrolls of brand weapon
 S - 3 scrolls of silence
 V - 2 scrolls of amnesia
 X - a scroll of enchant weapon
Potions
 a - 2 potions of invisibility
 c - 21 potions of curing
 e - 3 potions of mutation
 j - 6 potions of ambrosia
 r - 4 potions of cancellation
 s - 9 potions of brilliance
 A - 3 potions of magic
 C - 8 potions of flight
 D - 4 potions of lignification
 F - a potion of resistance
 I - 7 potions of might
 N - 11 potions of heal wounds
 Q - 5 potions of berserk rage
 Y - 3 potions of haste
Miscellaneous
 M - 2 phantom mirrors
Comestibles
 f - 53 rations


   Skills:
 + Level 25.5 Fighting
 + Level 23.0 Maces & Flails
 * Level 17.9 Throwing
 + Level 14.0 Armour
 + Level 10.2 Dodging
 - Level 0.6 Stealth
 - Level 10.5 Invocations


You had 22 spell levels left.
You didn't know any spells.
Your spell library contained the following spells:

 Spells                   Type           Power        Failure   Level  Hunger
 Animate Skeleton         Necr           N/A          52%         1    ##.....
 Corona                   Hex            #......      52%         1    ##.....
 Foxfire                  Conj/Fire      #...         52%         1    ##.....
 Magic Dart               Conj           #...         52%         1    ##.....
 Pain                     Necr           #...         52%         1    ##.....
 Sandblast                Erth           #.....       52%         1    ##.....
 Blink                    Tloc           N/A          67%         2    ###....
 Call Imp                 Summ           #.......     67%         2    ###....
 Ensorcelled Hibernation  Hex/Ice        #.....       67%         2    ###....
 Passwall                 Tmut/Erth      #.......     67%         2    ###....
 Searing Ray              Conj           #.....       67%         2    ###....
 Slow                     Hex            #.......     67%         2    ###....
 Confusing Touch          Hex            #.......     88%         3    ####...
 Conjure Flame            Conj/Fire      #.......     88%         3    ####...
 Dazzling Flash           Conj/Hex       #.....       88%         3    ####...
 Gell's Gravitas          Tloc           #.........   88%         3    ####...
 Inner Flame              Hex/Fire       #.......     88%         3    ####...
 Mephitic Cloud           Conj/Pois/Air  #.......     88%         3    ####...
 Stone Arrow              Conj/Erth      #.....       88%         3    ####...
 Tukima's Dance           Hex            #.......     88%         3    ####...
 Vampiric Draining        Necr           #.........   88%         3    ####...
 Animate Dead             Necr           N/A          99%         4    #####..
 Cause Fear               Hex            #.........   99%         4    #####..
 Fulminant Prism          Conj/Hex       #.........   99%         4    #####..
 Ice Form                 Ice/Tmut       #.......     99%         4    #####..
 Iskenderun's Mystic Bla  Conj/Tloc      #.......     99%         4    #####..
 Petrify                  Tmut/Erth      #.......     99%         4    #####..
 Sticky Flame             Conj/Fire      #.......     99%         4    #####..
 Agony                    Necr           #.......     100%        5    ######.
 Fireball                 Conj/Fire      #.........   100%        5    ######.
 Irradiate                Conj/Tmut      #.........   100%        5    ######.
 Iskenderun's Battlesphe  Conj/Chrm      #.......     100%        5    ######.
 Lee's Rapid Deconstruct  Erth           #.........   100%        5    ######.
 Metabolic Englaciation   Hex/Ice        #.........   100%        5    ######.
 Summon Forest            Summ/Tloc      #.........   100%        5    ######.
 Yara's Violent Unravell  Hex/Tmut       #.........   100%        5    ######.
 Freezing Cloud           Conj/Ice/Air   #.........   100%        6    #######
 Hydra Form               Tmut           #.........   100%        6    #######
 Ozocubu's Refrigeration  Ice            #.........   100%        6    #######
 Simulacrum               Ice/Necr       #.........   100%        6    #######
 Statue Form              Tmut/Erth      #........    100%        6    #######
 Dragon Form              Tmut           #.........   100%        7    #######
 Orb of Destruction       Conj           #.........   100%        7    #######
 Dragon's Call            Summ           #.........   100%        9    #######


Dungeon Overview and Level Annotations

Branches:
Dungeon (15/15)            Temple (1/1) D:4            Lair (6/6) D:9
 Shoals (4/4) Lair:3        Snake (4/4) Lair:3        Slime (0/5) Lair:6
    Orc (2/2) D:10            Elf (2/3) Orc:2        Vaults (4/5) D:13
  Crypt (0/3) Vaults:3     Depths (3/5) D:15          IceCv (visited)

Altars:
Ashenzari
Cheibriados
Dithmenos
Elyvilon
Fedhas
Gozag
Hepliaklqana
Kikubaaqudgha
Makhleb
Nemelex Xobeh
Okawaru
Qazlal
Ru
Sif Muna
Trog
Uskayaw
Vehumet
Wu Jian
Xom
Yredelemnul
Zin
The Shining One
Beogh
Jiyva

Shops:
D:9 }   Orc:1 *   Orc:2 ([*?[   Elf:1 (   Snake:1 *[*   Vaults:3 (   Depths:1 [
Depths:3 !

Portals:
Hell: Depths:1 Depths:2 Depths:3
Abyss: Depths:1 Depths:2
Trove: D:10 (give +2 ice dragon scales)

Annotations:
D:14 2 transporters, Nuvelud's ghost, journeyman GrFi
Orc:1 1 runed translucent door, exclusion: 4 orange crystal statues
Depths:2 the Enchantress


Innate Abilities, Weirdness & Mutations

You are too large for most types of armour.
You have tough skin. (AC +1)
You have large cloven feet.
Your system is resistant to poisons. (rPois)


Message History

* * * LOW HITPOINT WARNING * * *
You are poisoned.
The spriggan defender hits you but does no damage.
The Enchantress hits you with a +4 rapier of speed!!
* * * LOW HITPOINT WARNING * * *
The spriggan rider hits you but does no damage.
You climb upwards.
The elephant is no longer berserk.
The elephant disappears in a puff of smoke!
* * * LOW HITPOINT WARNING * * *
You feel very sick.
There is a stone staircase leading down here.
Blink to where?
Press: ? - help, Dir - move target cursor You are very lightly contaminated with residual magic.
As you read the scroll of blinking, it crumbles to dust.
* * * LOW HITPOINT WARNING * * *
You feel sick.
You feel better.
The spriggan berserker hits you with a +0 rapier!!
You die...

..#.# #.##..##.###i######.....
..#.######.##...#.##.>...........
..............#...###..###.#.....
..#.#..................##.##.....
..#.#####..........ii..#.###.....
..#.# #..##.###.#.#......'.....
..#.# ##.###..........#####.....
..#.# ##..# #.###i###)## #.....
#.#.###.#.#####.@.# #.# #.....
#.#.##.##.#<..#.#.###.# ####'#
#.#.#####.###...#.....# #.# #.#.#
#.# #...####.}# #.# #.#.# #.#
##### ##.# #.# #.#.# #.# #.# #.#
#.# #.#.# #.###.#######.#### #.#
#.#.# #.##.............# #.#
#.#.# #.....#######.##.######.#


You could see the Enchantress (fast, repels missiles, invisible), a spriggan
defender and a spriggan berserker (berserk, regenerating, resisting magic).

Vanquished Creatures
  A juggernaut (Depths:2)
  Sojobo (Vaults:3)
  Boris (twice) (Vaults:2 Depths:3)
  Bai Suzhen (Depths:2)
  Saint Roka (D:15)
  4 caustic shrikes
  Vashnia (Snake:3)
  Frederick (Vaults:3)
  Nikola (Elf:1)
  An Ice Fiend (IceCv)
  5 liches
  Asterion (Vaults:3)
  The ghost of Kare Xaoge the Bludgeoner, an adept DgTm (Vaults:2)
  A kraken (Shoals:2)
  2 sphinxes (Vaults:1)
  Gastronok (Lair:3)
  2 tengu reavers
  Kirke (Snake:3)
  A shadow dragon (Depths:1)
  Roxanne (D:15)
  5 fire giants
  10 nagarajas
  2 frost giants
  11 vault wardens
  Aizul (Snake:1)
  3 deep elf sorcerers
  Louise (D:15)
  An orc warlord (Orc:1)
  A balrug (Depths:2)
  11 ironheart preservers
  4 very ugly things
  5 stone giants
  An entropy weaver (Vaults:4)
  7 vampire knights
  Nessos (D:12)
  A dire elephant (D:15)
  A deep elf demonologist (Vaults:3)
  A deep elf annihilator (Vaults:1)
  A spark wasp (Depths:1)
  7 ettins
  A crystal guardian (Vaults:2)
  2 merfolk javelineers
  4 deep elf death magi
  A jiangshi (Vaults:2)
  8 fire dragons
  4 great orbs of eyes
  A deep elf high priest (Depths:2)
  9 merfolk impalers
  6 yaktaur captains
  13 ogre magi
  14 naga warriors
  7 rakshasas
  A spectral tengu (Vaults:2)
  A hydra (shapeshifter) (Depths:2)
  4 ice dragons
  11 vault guards
  Fannar (Lair:3)
  10 hydras
  A spriggan air mage (Depths:2)
  41 two-headed ogres
  Erica (D:8)
  17 centaur warriors
  An alligator snapping turtle (Shoals:4)
  9 anacondas
  A satyr (Shoals:4)
  A spectral frost giant (Vaults:2)
  5 merfolk avatars
  3 death yaks (Lair:6)
  22 dancing weapons
  6 deep troll earth magi
  3 tengu warriors
  3 vampire magi
  6 deep troll shamans
  A spectral storm dragon (Vaults:2)
  11 naga sharpshooters
  2 sun demons (Depths:2)
  A storm dragon zombie (Vaults:2)
  3 shock serpents
  3 spriggans
  2 spriggan berserkers (Depths:2)
  Sonja (D:12)
  16 deep elf knights
  A spectral yaktaur (Vaults:2)
  9 skeletal warriors
  18 sea snakes
  4 unseen horrors
  3 glowing orange brains
  12 naga ritualists
  12 deep elf archers
  18 ironbrand convokers
  2 lindwurms (Lair:6)
  12 deep trolls
  2 necromancers
  6 wizards
  16 orc knights
  7 wolf spiders
  9 mana vipers
  17 harpies
  7 orc sorcerers
  A spectral ettin (Vaults:2)
  11 cyclopes
  17 manticores
  14 ugly things
  43 deep elf magi
  4 fauns (Shoals:3)
  11 salamanders
  13 merfolk sirens
  A moth of wrath (shapeshifter) (D:15)
  17 naga magi
  6 elephants
  3 centaur zombies
  A guardian serpent (shapeshifter) (Vaults:2)
  11 spiny frogs
  An ice statue (IceCv)
  34 black mambas
  17 vault sentinels
  8 guardian serpents
  2 gargoyles (D:12)
  3 water nymphs
  2 spiny frogs (shapeshifter) (Vaults:2)
  A rime drake (shapeshifter) (Vaults:3)
  2 efreet (D:10)
  2 kobold demonologists
  6 komodo dragons
  6 freezing wraiths
  2 anaconda simulacra (IceCv)
  5 rime drakes
  50 yaktaurs
  6 ice devils (IceCv)
  2 tengu conjurers
  A wind drake (shapeshifter) (D:15)
  8 trolls
  A shadow dragon simulacrum (Vaults:2)
  23 merfolk
  7 wind drakes
  10 polar bears
  2 raiju (Lair:6)
  A harpy skeleton (D:14)
  5 hornets
  A blink frog (shapeshifter) (Depths:1)
  19 blink frogs
  7 dream sheep
  14 hippogriffs
  A tengu simulacrum (Vaults:2)
  12 slime creatures
  5 snapping turtles
  An air elemental (Elf:1)
  A flying skull (Vaults:2)
  A redback (Vaults:4)
  A fire giant simulacrum (Vaults:2)
  2 shadows
  12 water elementals
  4 wyverns
  45 yaks
  A tarantella (Vaults:4)
  A vampire (D:10)
  5 wraiths
  4 dire elephant simulacra (IceCv)
  4 basilisks
  A spectral human (Vaults:2)
  A human (shapeshifter) (Vaults:2)
  A steam dragon (Lair:6)
  2 death yak simulacra (IceCv)
  A hungry ghost (D:14)
  Eustachio (D:5)
  6 iron troll simulacra (IceCv)
  4 vampire mosquitoes (D:13)
  58 nagas
  A swamp worm (shapeshifter) (Depths:2)
  4 harpy simulacra (IceCv)
  13 wargs
  A soldier ant (shapeshifter) (Vaults:3)
  13 hell hounds (Lair:6)
  5 acid dragons
  3 hydra simulacra (IceCv)
  8 porcupines
  19 water moccasins
  5 sky beasts
  3 swamp drakes (Lair:6)
  2 ice beasts
  49 orc warriors
  11 black bears (Lair:6)
  2 deep troll skeletons (Vaults:2)
  3 hornet zombies
  An eye of draining (shapeshifter) (D:14)
  3 eyes of draining
  7 necrophages
  44 ogres
  A boggart (Vaults:3)
  A boggart (shapeshifter) (D:15)
  19 wolves (Lair:6)
  An orc zombie (Vaults:2)
  A phantom (D:4)
  34 centaurs
  9 crocodiles
  3 big kobolds
  3 glowing shapeshifter simulacra (Vaults:2)
  20 bullfrogs
  2 earth elementals
  An elf simulacrum (Vaults:1)
  2 scorpions (D:9)
  2 water moccasin skeletons
  An elephant simulacrum (IceCv)
  6 killer bees (D:10)
  2 vampire bats (Lair:4)
  2 wights
  4 electric eels
  2 howler monkeys
  10 crimson imps
  3 bullfrog zombies
  3 hounds
  2 jellies
  15 orc priests
  4 bullfrog skeletons
  3 centaur skeletons
  A gnoll shaman (D:5)
  Terence (D:2)
  2 iguanas
  16 orc wizards
  3 troll simulacra (IceCv)
  8 worker ants
  A spriggan simulacrum (IceCv)
  3 centaur simulacra
  A hound skeleton (D:7)
  A worker ant zombie (D:11)
  4 gnolls (D:5)
  13 adders
  3 ogre simulacra (IceCv)
  7 shadow imps
  7 white imps (IceCv)
  9 ufetubi (IceCv)
  3 oozes
  An adder skeleton (D:5)
  2 worms
  4 leopard geckos
  86 orcs
  4 giant cockroaches
  8 goblins
  9 hobgoblins
  9 jackals
  18 kobolds
  10 quokkas
  A ball python skeleton (D:5)
  13 bats
  9 frilled lizards
  A giant cockroach zombie (D:6)
  A jackal skeleton (D:6)
  A leopard gecko skeleton (D:5)
  A quokka skeleton (D:8)
  10 rats
  6 plants
  5 tentacles (Shoals:2)
1729 creatures vanquished.

Vanquished Creatures (collateral kills)
  A storm dragon (Vaults:4)
  An ironheart preserver (Vaults:4)
  A deep elf knight (Elf:2)
  An ironbrand convoker (Vaults:3)
  2 deep elf magi (Elf:2)
  A yaktaur (Vaults:3)
  An orc wizard (Vaults:4)
8 creatures vanquished.

Vanquished Creatures (others)
  A skeletal warrior (D:14)
  4 humans (Snake:3)
  A hound (D:10)
  A worker ant (D:10)
  An orc wizard (Vaults:1)
  A white imp (IceCv)
  A fungus (Lair:6)
  29 plants
  5 tentacles (Shoals:2)
44 creatures vanquished.

Grand Total: 1781 creatures vanquished

Notes
Turn   | Place    | Note
-------+----------+-------------------------------------------
     0 | D:1      | KleinerIrrer the Ogre Hunter began the quest for the Orb.
     0 | D:1      | Reached XP level 1. HP: 22/22 MP: 1/1
   192 | D:1      | Reached skill level 3 in Fighting
   454 | D:1      | Reached XP level 2. HP: 26/31 MP: 2/2
  1423 | D:1      | Reached XP level 3. HP: 37/37 MP: 3/3
  2062 | D:2      | Noticed Terence
  2638 | D:2      | Reached skill level 1 in Maces & Flails
  2871 | D:2      | Reached XP level 4. HP: 48/48 MP: 4/4
  2995 | D:2      | Noticed a sky beast
  3373 | D:2      | Killed Terence
  4494 | D:3      | Reached XP level 5. HP: 37/54 MP: 5/5
  4996 | D:3      | Found a white marble altar of Elyvilon.
  4996 | D:3      | Found a stormy altar of Qazlal.
  4996 | D:3      | Found an opulent altar of Gozag.
  5042 | D:3      | Reached skill level 4 in Fighting
  5919 | D:4      | Noticed an ogre
  5927 | D:4      | Killed an ogre
  5927 | D:4      | Reached XP level 6. HP: 36/62 MP: 6/6
  6087 | D:4      | Noticed a phantom
  6099 | D:4      | Found a staircase to the Ecumenical Temple.
  6109 | Temple   | Entered the Ecumenical Temple
  6590 | D:4      | Killed a phantom
  6854 | D:4      | Found a hazy altar of Hepliaklqana.
  6904 | D:4      | Found a shattered altar of Ashenzari.
  7096 | D:4      | Reached XP level 7. HP: 53/71 MP: 7/7
  7304 | D:5      | Entered Level 5 of the Dungeon
  7313 | D:5      | Reached skill level 5 in Maces & Flails
  8437 | D:5      | Found a blossoming altar of Fedhas.
  8669 | D:5      | Noticed a two-headed ogre
  8692 | D:5      | Killed a two-headed ogre
  8692 | D:5      | Reached skill level 5 in Fighting
  8692 | D:5      | Reached skill level 5 in Throwing
  8692 | D:5      | Reached XP level 8. HP: 83/83 MP: 8/8
  8701 | D:5      | Noticed Eustachio
  8712 | D:5      | Killed Eustachio
  8815 | D:5      | Reached skill level 6 in Fighting
  9309 | D:6      | Reached XP level 9. HP: 85/89 MP: 9/9
 11324 | D:2      | Reached skill level 7 in Fighting
 11822 | D:8      | Found a glowing golden altar of the Shining One.
 11825 | D:8      | Became a worshipper of the Shining One
 11917 | D:8      | Noticed Erica
 11940 | D:8      | Killed Erica
 11940 | D:8      | Reached skill level 10 in Maces & Flails
 11940 | D:8      | Reached XP level 10. HP: 20/102 MP: 10/10
 12292 | D:8      | Found an ancient bone altar of Kikubaaqudgha.
 12499 | D:8      | Reached skill level 10 in Fighting
 12499 | D:8      | Reached skill level 5 in Invocations
 12499 | D:8      | Reached XP level 11. HP: 117/117 MP: 10/15
 12507 | D:8      | Identified 3 scrolls of acquirement
 12507 | D:8      | Acquired a manual of Throwing
 12509 | D:8      | Acquired the +2 hat "Wiyb" {rPois MR+ Int-2 Dex+4}
 12510 | D:8      | Acquired the ring "Duteytsy" {rElec rF+ AC+4 Dex-4}
 12613 | D:9      | Found a burning altar of Makhleb.
 13122 | D:9      | Reached skill level 5 in Dodging
 13574 | D:9      | Reached * piety under the Shining One
 13711 | D:9      | Found a staircase to the Lair.
 13987 | D:9      | Found Keiveg's Gadget Shop.
 14311 | D:9      | Got a dazzling war axe
 14509 | D:10     | Entered Level 10 of the Dungeon
 15112 | D:10     | Found a staircase to the Orcish Mines.
 15138 | D:10     | Noticed a two-headed ogre
 15138 | D:10     | Noticed a centaur warrior
 15217 | Lair:1   | Entered Level 1 of the Lair of Beasts
 16691 | Lair:2   | Reached skill level 11 in Fighting
 17161 | Lair:2   | Reached XP level 12. HP: 118/130 MP: 16/16
 17613 | Lair:2   | Identified the +10 war axe of Duty {drain, Stlth+} (You
                  | found it on level 9 of the Dungeon)
 18211 | Lair:3   | Found a staircase to the Snake Pit.
 18382 | Lair:3   | Noticed Fannar
 18392 | Lair:3   | Killed Fannar
 18539 | Lair:3   | Noticed Gastronok
 18776 | Lair:3   | Killed Gastronok
 18843 | Lair:3   | Found a staircase to the Shoals.
 18938 | Lair:3   | Acquired a manual of Fighting
 19274 | Lair:3   | Reached skill level 12 in Fighting
 20002 | Lair:4   | Noticed an eight-headed hydra
 20008 | Lair:4   | Killed an eight-headed hydra
 20839 | Lair:4   | Reached skill level 13 in Fighting
 20860 | Lair:4   | Noticed a four-headed hydra
 20867 | Lair:4   | Killed a four-headed hydra
 20867 | Lair:4   | Reached XP level 13. HP: 126/144 MP: 17/17
 21170 | Lair:4   | Reached skill level 15 in Maces & Flails
 21650 | Lair:4   | Reached ** piety under the Shining One
 21995 | Lair:5   | Reached skill level 14 in Fighting
 23128 | Lair:6   | Entered Level 6 of the Lair of Beasts
 23403 | Lair:6   | Reached skill level 15 in Fighting
 23850 | Lair:6   | Found a staircase to the Slime Pits.
 23851 | Lair:6   | Found a viscous altar of Jiyva.
 24004 | Lair:6   | Reached skill level 16 in Fighting
 24004 | Lair:6   | Reached skill level 10 in Throwing
 24018 | Lair:6   | Reached *** piety under the Shining One
 24272 | Lair:6   | Reached XP level 14. HP: 106/161 MP: 18/18
 25090 | Lair:6   | Reached skill level 17 in Fighting
 25414 | Lair:6   | Reached **** piety under the Shining One
 26401 | Lair:6   | Reached skill level 18 in Fighting
 27745 | D:10     | Reached ***** piety under the Shining One
 27776 | D:10     | Identified the Handbook of Calling and Conjuration
 28162 | D:10     | Found Habus's Armour Shop.
 28218 | D:10     | Found a portal to a secret trove of treasure.
 28371 | Orc:1    | Entered Level 1 of the Orcish Mines
 28693 | Orc:1    | Noticed an orc warlord
 29088 | D:10     | Reached XP level 15. HP: 128/179 MP: 19/19
 29313 | Orc:1    | Killed an orc warlord
 29578 | Orc:1    | Found Enomuiwn's General Store.
 29586 | Orc:1    | Bought a scroll of enchant weapon for 112 gold pieces
 29587 | Orc:1    | Found a runed translucent door.
 29594 | Orc:1    | Found the +10 tower shield of Ignorance {rN+ Int-4}
 29611 | Orc:1    | Found a runed translucent door.
 29613 | Orc:1    | Found a roughly hewn altar of Beogh.
 30228 | Orc:2    | Entered Level 2 of the Orcish Mines
 30250 | Orc:2    | Reached skill level 19 in Fighting
 31683 | Orc:2    | Found a staircase to the Elven Halls.
 32551 | Orc:2    | Found Neocaolu's Antique Weapon Shoppe.
 32648 | Orc:2    | Found Yqaibu's Assorted Antiques.
 32648 | Orc:2    | Found Tinlam's Magic Scroll Shop.
 32650 | Orc:2    | Found Nieluv's Armour Boutique.
 32652 | Orc:2    | Found Firr's Antique Armour Shoppe.
 32669 | Orc:2    | Bought +2 fire dragon scales for 1008 gold pieces
 32682 | Orc:2    | Bought a scroll of identify for 28 gold pieces
 32682 | Orc:2    | Bought 3 scrolls of teleportation for 126 gold pieces
 32682 | Orc:2    | Bought a scroll of teleportation for 42 gold pieces
 32682 | Orc:2    | Bought a scroll of identify for 28 gold pieces
 32684 | Orc:2    | Bought 3 scrolls of identify for 84 gold pieces
 33051 | D:11     | Reached skill level 1 in Armour
 33214 | D:11     | Acquired 3130 gold pieces
 33256 | D:11     | You fall into a shaft and drop 1 floor!
 33256 | D:12     | Found a snail-covered altar of Cheibriados.
 33852 | D:12     | Noticed Nessos
 33861 | D:12     | Killed Nessos
 33947 | D:12     | Noticed Sonja
 33950 | D:12     | Killed Sonja
 35021 | D:13     | Found a gate to the Vaults.
 36167 | D:14     | Reached XP level 16. HP: 181/191 MP: 8/20
 36274 | D:14     | Reached skill level 5 in Armour
 36281 | D:14     | Reached ****** piety under the Shining One
 36704 | D:14     | Identified a +2 giant spiked club of holy wrath (a +0 giant
                  | spiked club blessed by the Shining One)
 36704 | D:14     | Received a gift from the Shining One
 36880 | D:14     | Found a transporter.
 36886 | D:14     | Noticed Nuvelud's ghost (journeyman GrFi)
 36887 | D:14     | Identified the +7 great mace of Truncation {flame, Dex+2}
 36887 | D:14     | Identified the +1 scimitar of Oxie {protect, rN+ MR++ Int+2
                  | Dex-2}
 36890 | D:14     | Found a bloodstained altar of Trog.
 36890 | D:14     | Identified the +1 battleaxe "Aluury" {freeze, Dex+2}
 36903 | D:14     | Found a transporter.
 37467 | Snake:1  | Entered Level 1 of the Snake Pit
 37686 | Snake:1  | Found Jetaewusch's Assorted Antiques.
 37696 | Snake:1  | Bought a scroll of fear for 122 gold pieces
 37696 | Snake:1  | Bought a potion of heal wounds for 175 gold pieces
 37696 | Snake:1  | Bought a potion of berserk rage for 175 gold pieces
 38096 | Snake:1  | Found Qaiphune's Assorted Antiques.
 38115 | Snake:1  | Bought a square jade amulet for 155 gold pieces
 38115 | Snake:1  | Bought a scroll of fear for 108 gold pieces
 38115 | Snake:1  | Bought a scroll of fear for 108 gold pieces
 38209 | Snake:1  | Found Jelu Ocsim's Armour Emporium.
 38610 | Snake:2  | Noticed Aizul
 38631 | Snake:1  | Killed Aizul
 40687 | Snake:3  | Reached skill level 20 in Fighting
 41097 | Snake:3  | Noticed a nagaraja
 41243 | Snake:3  | Found a frozen archway.
 41251 | IceCv    | Entered an ice cave
 42271 | IceCv    | Noticed an Ice Fiend
 42283 | IceCv    | Killed an Ice Fiend
 42283 | IceCv    | Reached XP level 17. HP: 90/201 MP: 21/21
 42889 | Snake:3  | Noticed Kirke
 42896 | Snake:3  | Killed Kirke
 43181 | Snake:3  | Noticed Vashnia
 44255 | Snake:3  | Killed Vashnia
 45120 | Snake:4  | Entered Level 4 of the Snake Pit
 45143 | Snake:4  | Reached skill level 10 in Armour
 46343 | Snake:4  | Identified the cursed +1 hand axe of the Well-Known Tables
                  | {vorpal, MR++}
 48022 | Snake:4  | Reached XP level 18. HP: 190/213 MP: 23/23
 49507 | Snake:4  | Got a serpentine rune of Zot
 49993 | D:15     | Entered Level 15 of the Dungeon
 50014 | D:15     | Noticed Roxanne
 50026 | D:15     | Killed Roxanne
 50277 | D:15     | Noticed Louise
 50295 | D:15     | Killed Louise
 50295 | D:15     | Reached skill level 21 in Fighting
 50942 | D:15     | Found a staircase to the Depths.
 51209 | Vaults:1 | Entered Level 1 of the Vaults
 53898 | Vaults:2 | Reached XP level 19. HP: 223/223 MP: 25/25
 53907 | Vaults:2 | Noticed Boris
 53912 | Vaults:2 | Killed Boris
 56013 | Vaults:2 | Reached skill level 15 in Throwing
 56397 | Vaults:2 | Found a runed translucent gate.
 56398 | Vaults:2 | Found a runed translucent gate.
 56399 | Vaults:2 | Found a runed translucent gate.
 56400 | Vaults:2 | Noticed Kare Xaoge's ghost (adept DgTm)
 56414 | Vaults:2 | Reached skill level 10 in Invocations
 56430 | Vaults:2 | Killed Kare Xaoge's ghost
 57225 | Vaults:2 | Reached skill level 22 in Fighting
 57396 | Vaults:2 | Reached XP level 20. HP: 175/236 MP: 27/27
 59287 | Vaults:3 | Found a staircase to the Crypt.
 60161 | Vaults:3 | Noticed Frederick
 60319 | Vaults:3 | Killed Frederick
 60480 | Vaults:3 | Noticed Sojobo
 60494 | Vaults:3 | Noticed Asterion
 60499 | Vaults:3 | Killed Sojobo
 60520 | Vaults:3 | Killed Asterion
 60912 | Vaults:3 | Found Veapif's Antique Weapon Emporium.
 61869 | Vaults:4 | Reached XP level 21. HP: 193/248 MP: 28/28
 62527 | Vaults:4 | Reached skill level 23 in Fighting
 63577 | Shoals:1 | Entered Level 1 of the Shoals
 66550 | Shoals:4 | Entered Level 4 of the Shoals
 66855 | Shoals:4 | Got a heavily runed steel ring
 66856 | Shoals:4 | Identified the cursed ring of Ovviaris {Str-4 Dex+4} (You
                  | found it on level 4 of the Shoals)
 67392 | Shoals:4 | Identified the ring of Free Expression {rF++ rCorr Dex-4}
 67717 | Shoals:4 | Reached XP level 22. HP: 239/260 MP: 29/29
 68426 | Shoals:4 | Got a barnacled rune of Zot
 68951 | Elf:1    | Entered Level 1 of the Elven Halls
 69291 | Elf:1    | Noticed Nikola
 69301 | Elf:1    | Killed Nikola
 69766 | Elf:1    | Found Jaeluyd's Weapon Shop.
 70658 | Elf:2    | Found a runed translucent gate.
 70658 | Elf:2    | Found a runed translucent gate.
 70658 | Elf:2    | Found a runed translucent gate.
 71245 | Elf:2    | Reached skill level 24 in Fighting
 72179 | Depths:1 | Entered Level 1 of the Depths
 72179 | Depths:1 | Found a gateway to Hell.
 72426 | Depths:1 | Noticed Saint Roka
 72701 | D:15     | Killed Saint Roka
 73057 | Depths:1 | Found a one-way gate to the infinite horrors of the Abyss.
 73298 | Depths:1 | Reached skill level 10 in Dodging
 73907 | Depths:1 | Found Hyrowosa's Antique Armour Shop.
 74443 | Depths:2 | Noticed a caustic shrike
 74457 | Depths:1 | Killed a caustic shrike
 74457 | Depths:1 | Reached XP level 23. HP: 160/274 MP: 30/30
 74983 | Depths:2 | Noticed Bai Suzhen
 75011 | Depths:2 | Killed Bai Suzhen
 75105 | Depths:2 | Identified the ring of Oenomania {*Contam rElec rPois Dex-4
                  | Stlth+}
 75350 | Depths:2 | Noticed a juggernaut
 75364 | Depths:2 | Killed a juggernaut
 75834 | Depths:2 | Reached skill level 25 in Fighting
 76942 | Depths:3 | Noticed a caustic shrike
 76942 | Depths:3 | Noticed a caustic shrike
 76942 | Depths:3 | Noticed a caustic shrike
 76954 | Depths:2 | Killed a caustic shrike
 76961 | Depths:2 | Killed a caustic shrike
 77197 | Depths:2 | Killed a caustic shrike
 77854 | Depths:3 | Found Gehobrehah's Distillery.
 77866 | Depths:3 | Bought a potion of curing for 54 gold pieces
 77866 | Depths:3 | Bought a potion of curing for 54 gold pieces
 77866 | Depths:3 | Bought a potion of mutation for 144 gold pieces
 77866 | Depths:3 | Bought a potion of heal wounds for 90 gold pieces
 77866 | Depths:3 | Bought a potion of mutation for 144 gold pieces
 77866 | Depths:3 | Bought a potion of might for 72 gold pieces
 77866 | Depths:3 | Gained mutation: You are agile. (Dex +2) [potion of
                  | mutation]
 77866 | Depths:3 | Gained mutation: Potions are less effective at restoring
                  | your health. [potion of mutation]
 77866 | Depths:3 | Gained mutation: You have large cloven feet. [potion of
                  | mutation]
 77867 | Depths:3 | Lost mutation: You are agile. (Dex +2) [potion of mutation]
 77867 | Depths:3 | Lost mutation: You have large cloven feet. [potion of
                  | mutation]
 77867 | Depths:3 | Lost mutation: Potions are less effective at restoring your
                  | health. [potion of mutation]
 77867 | Depths:3 | Gained mutation: Your system is resistant to poisons.
                  | (rPois) [potion of mutation]
 77867 | Depths:3 | Gained mutation: You have large cloven feet. [potion of
                  | mutation]
 77872 | Depths:3 | Noticed Boris
 77895 | Depths:3 | Killed Boris
 77997 | Depths:3 | Noticed the Enchantress
 78024 | Depths:3 | HP: 5/276 [the Enchantress/+4 rapier of speed (18)]
 78026 | Depths:2 | HP: 2/276 [poisoned by a spriggan defender]
 78027 | Depths:2 | Mangled by a spriggan berserker

Illustrated notes

Levels and vault maps discovered:
D:1:      dpeg_arrival_windows_large_door, layout_basic, roderic_roman_lattice
D:2:      layout_loops_ring, minmay_statues_item, minmay_distorted, uniq_terence
D:3:      layout_loops_corners, gammafunk_temple_overflow_claw, first_ration
D:4:      layout_loops_corners, evilmike_ruin_ashenzari, kennysheep_little_box,
          minmay_temple_entry_slanted
D:5:      layout_gridville, lemuel_coloured_pillars_altar, uniq_eustachio
D:6:      layout_cave_pools
D:7:      layout_loops_ring, serial_shops, shop
D:8:      layout_rooms, kennysheep_mini, kennysheep_mini_moat, uniq_erica
D:9:      layout_cave_pods, erik_lair_orcish_takeover, serial_shops, shop,
          blue_anna_alchemist [blue_anna_fruit_fields, blue_anna_fruit_fields],
          makhleb_heckhound_becter
D:10:     minmay_the_grid_square_5x5_4x4 [minmay_the_grid_square_5x5_two_small,
          minmay_the_grid_square_5x5_v, minmay_the_grid_square_5x5_broken_cross,
          minmay_the_grid_square_5x5_forky, minmay_the_grid_square_5x5_moneybag,
          minmay_the_grid_square_5x5_prize_junk,
          minmay_the_grid_square_5x5_prize_monsterx,
          minmay_the_grid_square_5x5_corner, minmay_the_grid_square_5x5_seven,
          minmay_the_grid_square_5x5_prize_open,
          minmay_the_grid_square_5x5_prize_rear_guard,
          minmay_the_grid_square_5x5_dogpile,
          minmay_the_grid_square_5x5_misaligned,
          minmay_the_grid_square_5x5_one_wall, minmay_the_grid_square_5x5_c,
          minmay_the_grid_square_5x5_inverted_slash], layout_stronghold,
          orc_0_dummy, serial_shops, shop, enter_trove_6
D:11:     layout_cave_pools
D:12:     layout_loops_ring, basic_altar, uniq_sonja, uniq_nessos
D:13:     layout_rooms, lightli_vaults_fourway_checkpoint
D:14:     layout_loops_ring, gammafunk_ghost_wrathful_warriors,
          hangedman_decor_riveting, kennysheep_generic_room_12
D:15:     hangedman_depths_entry_try_elsewhere_first, layout_irregular_city,
          minmay_misc_feat_plants, serial_bayou_lake_a, uniq_roxanne,
          uniq_louise
Temple:   jpeg_temple_clearing
Lair:1:   layout_roguey, serial_forest, infiniplex_forest_clump_diagonal,
          infiniplex_forest_lined_2, infiniplex_forest_clump_C,
          infiniplex_forest_lined_room_2, infiniplex_forest_lined_room_2,
          infiniplex_forest_corner_1, infiniplex_forest_split,
          infiniplex_forest_end_3, infiniplex_forest_clump_long,
          infiniplex_forest_fountain, lemuel_fruit_fields
Lair:2:   layout_cave_pods
Lair:3:   layout_long_grid, minmay_shoals_entry_beasts,
          guppyfry_snake_entry_island, uniq_fannar, uniq_gastronok
Lair:4:   beast_lair_carwin_large_2, layout_cave_pods, roderic_batcave,
          roderic_carrion_pond, lemuel_fruit_fields
Lair:5:   layout_hall_layers, lemuel_fruit_fields, grunt_megastairs_3,
          lemuel_fruit_fields
Lair:6:   hangedman_lair_caniforms_friends, layout_regular_city,
          hangedman_lair_in_review, slime_altar_1, guppyfry_lair_drakes
Shoals:1: layout_shoals
Shoals:2: layout_shoals
Shoals:3: layout_shoals
Shoals:4: shoals_end_grunt_ice, layout_shoals
Snake:1:  layout_onion, serial_shops, shop_coins, shop, shop_statue,
          serial_bayou_shore_a
Snake:2:  layout_cave_pods, uniq_aizul
Snake:3:  layout_rooms, portal_ice_cave_entry_pillars_three, uniq_vashnia,
          uniq_kirke
Snake:4:  johnstein_snake_rune_scales, layout_rooms, serial_bayou_shore_b,
          lemuel_fruit_tree, serial_bayou_shore_b
Orc:1:    layout_diamond_mine, basic_altar, serial_shops, nicolae_shop_trees,
          chequers_guarded_unrand_ignorance
Orc:2:    st_orc_rangers, layout_caves, serial_shops, nicolae_shop_waterfront
Elf:1:    layout_loops_cross, serial_shops, shop_statue, evilmike_minifort,
          drop_trap, st_stairs_9, uniq_asterion, uniq_nikola
Elf:2:    layout_gridlike
Vaults:1: vaults_mumra_hex, nicolae_vaults_murderbox, v_misc_18, v_misc_2,
          vaults_room_fours, nicolae_vaults_little_squares_3,
          layout_vaults_quadrants
Vaults:2: gammafunk_vaults_ghost_necromancy, v_rooms_5, hangedman_vaults_nodes,
          nicolae_vaults_triangles, v_misc_16, v_misc_4, v_alt_pattern_1,
          v_misc_19, nicolae_vaults_an_arrangement,
          nicolae_vaults_network_periphery, nicolae_vaults_alarming,
          ontoclasm_vaults_gateway, v_misc_19, nicolae_vaults_rhombus_6,
          layout_vaults_omnibox, uniq_boris
Vaults:3: v_pattern_5, minmay_crypt_entry_simple_round, vaults_room_door_hall,
          grunt_vaults_trifunnel, vaults_room_grunt_arrival_ludios,
          vaults_mumra_minichess_inversion, sword_in_stone,
          layout_vaults_big_room, serial_shops, shop
Vaults:4: ontoclasm_vaults_bender, hangedman_vaults_river_flow,
          nicolae_vaults_windows_and_doors_thing,
          vaults_standard_mumra_enter_the_diamond, vaults_room_pool,
          hangedman_vaults_hat, hangedman_vaults_stream, hangedman_vaults_locks,
          ontoclasm_vaults_claustrophobia, nicolae_vaults_fighting_squares,
          nicolae_vaults_specimen_jars, layout_vaults_ring
Depths:1: minmay_shrinking_squares, layout_cave_pools, serial_co_window_serial,
          co_window_corner_a, co_window_paths_b, co_window_of_opportunity_a,
          co_window_corner_a, co_window_of_opportunity_a, co_window_corner_b,
          co_window_paths_c, co_window_cross_3, co_window_corner_b,
          co_window_broadway_b, co_window_unsneaky_path_b,
          co_window_of_opportunity_b, glass_columns_b, glass_columns_a,
          serial_shops, nicolae_shop_crystal, abyss_entry, hell_entry,
          minmay_misc_feat_pillars, kilobyte_mutagenic_chamber, uniq_saint_roka
Depths:2: hangedman_arch_fort, layout_gridlike, lightli_too_deep,
          abyss_entry_small_statue_room, infiniplex_staircase_squiggle,
          uniq_bai_suzhen
Depths:3: nicolae_legendary_halls, layout_small_grid, serial_shops, shop,
          hell_entry, abyss_entry, serial_sigils_hangedman_shear,
          grunt_pan_entry_zigzag, uniq_enchantress, uniq_mennas

Skill      XL: |  1  2  3  4  5  6  7  8  9 10 11 12 13 14 15 16 17 18 19 20 21 22 23 |
---------------+----------------------------------------------------------------------+-----
Fighting       | 3 4 5 6 7 10 11 13 16 18 19 20 21 22 23 24 25 | 25.5
Dodging        | 2 3 4 5 6 7 8 9 10 | 10.2
Maces & Flails | 1 2 3 4 7 10 12 13 14 15 16 17 18 19 20 21 22 23 | 23.0
Throwing       | 5 8 10 11 13 14 15 16 17 | 17.9
Invocations    | 5 6 8 10 | 10.5
Armour         | 4 9 11 12 13 14 | 14.0
Stealth        | |  0.6

Action                   |  1- 3 |  4- 6 |  7- 9 | 10-12 | 13-15 | 16-18 | 19-21 | 22-24 || total
-------------------------+-------+-------+-------+-------+-------+-------+-------+-------++-------
Melee: Short sword       |    76 |       |       |       |       |       |       |       ||    76
       Club              |    91 |    82 |       |       |       |       |       |       ||   173
       Flail             |       |    89 |   343 |       |       |       |       |       ||   432
       Giant spiked club |       |       |    12 |   360 |   907 |  1070 |  1247 |   655 ||  4251
       Kick              |       |       |       |       |       |       |       |     5 ||     5
Throw: Large rock        |    30 |    15 |     6 |     7 |     3 |    47 |    47 |    26 ||   181
       Throwing net      |     2 |       |       |       |       |       |       |       ||     2
       Boomerang         |       |       |    12 |       |       |       |       |       ||    12
Invok: Brand Weapon With |       |       |       |       |       |     1 |       |       ||     1
       Summon Divine War |       |       |       |       |       |       |     6 |     1 ||     7
       Divine Shield     |       |       |       |       |       |       |       |     2 ||     2
Evoke: Wand              |       |       |     2 |       |       |       |       |       ||     2
  Use: Scroll            |     3 |     2 |     4 |    18 |    16 |    10 |    10 |     3 ||    66
       Potion            |       |       |     5 |     1 |     2 |     3 |       |     3 ||    14
 Stab: Sleeping          |     2 |     1 |       |       |       |       |       |       ||     3
       Distracted        |     1 |       |       |       |       |       |       |       ||     1
       Paralysed         |       |       |     4 |       |       |       |       |       ||     4
  Eat: Chunk             |     3 |    10 |    12 |    21 |    46 |    18 |    41 |    26 ||   177
       Ration            |     1 |     1 |     1 |     2 |     1 |    11 |     2 |     2 ||    21
Armor: Robe              |    66 |    56 |    64 |   117 |   219 |    47 |       |       ||   569
       Fire dragon scale |       |       |       |       |   138 |   502 |   706 |   304 ||  1650
Dodge: Dodged            |   135 |   141 |   197 |   325 |   773 |   680 |   744 |   375 ||  3370
Block: Other             |       |       |       |       |       |       |       |     5 ||     5
